 Dungeon Sprint DCSS version 0.29.1-12-g30fa7ad0bf (webtiles) character file.

Game seed: 14233992276900686116

4046 Groucho the Unseen (level 10, -11/44 HPs)
             Began as a Spriggan Enchanter on Jan 7, 2023.
             Was a Priest of Dithmenos.
             Killed from afar by a death drake (13 damage)
             ... with a foul vapour
             ... in the Dungeon (Sprint II: "The Violet Keep of Menkaure") on Jan 8, 2023.
             The game lasted 00:07:45 (1341 turns).

Groucho the Unseen (Spriggan Enchanter)             Turns: 1341, Time: 00:07:47

Health: -11/44     AC:  5    Str:  8    XL:     10   Next: 4%
Magic:  29/29      EV: 20    Int: 17    God:    Dithmenos [***...]
Gold:   403        SH:  0    Dex: 16    Spells: 20/37 levels left

rFire   . . .      SeeInvis +   j - +2 dagger (venom)
rCold   . . .      Faith    .   (no shield)
rNeg    . . .      Spirit   .   b - +0 robe
rPois   .          Reflect  .   (helmet restricted)
rElec   .          Harm     .   f - +2 cloak {Will+}
rCorr   .          Rampage  .   (gloves unavailable)
Will    ++...      NoTele   +   (boots unavailable)
Stlth   +++.......              (no amulet)
HPRegen 0.14/turn               c - ring of flight
MPRegen 0.21/turn               (no ring)

@: confused, lethally poisoned (-11 -> -43), flying, wreathed by umbra, very
quick
A: very small, no large weapons, unfitting armour, see invisible, speed 3
a: Renounce Religion, Shadow Step


You were in the Dungeon.
You worshipped Dithmenos.
Dithmenos was most pleased with you.
You visited 1 branch You collected 1296 gold pieces.
You spent 893 gold pieces at shops.

Inventory:

Hand Weapons
 a - a +1 dagger
 j - a +2 dagger of venom (weapon)
Armour
 b - a +0 robe (worn)
 f - a +2 cloak of willpower (worn)
Jewellery
 c - a ring of flight (left hand)
Scrolls
 i - a scroll of blinking
 k - a scroll of identify
Potions
 d - 2 potions of curing
 e - a potion of heal wounds
 g - 2 potions of magic
 h - a potion of berserk rage


   Skills:
 - Level 10.0 Short Blades
 + Level 6.6 Dodging
 - Level 16.0 Stealth
 + Level 14.3 Spellcasting
 * Level 4.9 Conjurations
 - Level 14.0 Hexes
 * Level 6.0 Earth Magic


You had 20 spell levels left.
You knew the following spells:

 Your Spells              Type           Power      Damage    Failure   Level
a - Ensorcelled Hibernat  Hex/Ice        72%        N/A       1%          2
b - Confusing Touch       Hex            56%        N/A       1%          3
c - Dazzling Flash        Conj/Hex       88%        N/A       1%          3
d - Tukima's Dance        Hex            56%        N/A       1%          3
e - Sandblast             Erth           64%        2d14      1%          1
f - Passwall              Tmut/Erth      18%        N/A       2%          2
g - Stone Arrow           Conj/Erth      60%        3d10      1%          3

Your spell library contained the following spells:

 Spells                   Type           Power      Damage    Failure   Level


Dungeon Overview and Level Annotations

Branches:
Dungeon (1/1)

Altars:
Cheibriados
Dithmenos
Elyvilon
Fedhas
Gozag
Hepliaklqana
Kikubaaqudgha
Makhleb
Nemelex Xobeh
Okawaru
Qazlal
Ru
Sif Muna
Trog
Uskayaw
Vehumet
Wu Jian
Xom
Yredelemnul
Zin
The Shining One
Jiyva
Lugonu

Shops:
D ??::[=*!(?[=([!

Annotations:
D exclusion: oklob plant, Roxanne


Innate Abilities, Weirdness & Mutations

You are very small and have problems with some larger weapons.
You are too small for most types of armour.
You have supernaturally acute eyesight. (SInv)
You cover ground extremely quickly. (Speed+++)


Message History

The deep elf master archer shoots an arrow.
The arrow hits you!
There is an open door here.
You start resting.
You start resting.
HP restored.
You start waiting.
You start waiting.
Done waiting.
Okay, then.
A death drake and a swamp drake come into view.
A death drake, a crystal guardian and a swamp drake come into view.
Found 3 orange potions.
The swamp drake roars!
The death drake hisses angrily.
The swamp drake completely misses you. The swamp drake breathes poison at you.
The noxious blast engulfs you but does no damage.
You are poisoned.
The crystal guardian fires a crystalline bolt at you.
The crystal bolt burns the swamp drake!!!
The swamp drake dies!
The crystal bolt misses you. The crystal bolt burns you!!!
Ouch! That really hurt!
* * * LOW HITPOINT WARNING * * *
You emit a cloud of dark smoke.
Unknown command.
You are engulfed in noxious fumes.
You feel sick. The death drake misses you.
You are engulfed in noxious fumes.
You choke on the stench!
You are confused.
You feel sick. The death drake breathes miasma at you.
The foul vapour misses you. The death drake misses you.
You are engulfed in noxious fumes.
You choke on the stench!
You are more confused.
You feel sick.
You are no longer poisoned.
The death drake breathes miasma at you. The foul vapour engulfs you!
You are lethally poisoned!
You die...

##++## ##≈.§.### #e§.....##
+# ####....#°## .
#..'....#9k# #.)####.#kk# ##
## ####..'.##@# .##.#
...#..#.°°#### )
...####..#####°°##)#▓$?!(??
#'###.##..#..+..#†.#▓!($??$)
#.##...#..#..#..#††#▓$)$$!(!
.<.'##.'..####.^##.#▓?$!$[)$
#.##.###....###...##▓▓▓▓▓▓▓+
#'###†##......~~~~~~~~~~~~~.
.#.####§~.....~#+########+###


You could see 2 death drakes, a crystal guardian and a swamp drake (catching
breath).

Vanquished Creatures
  2 boulder beetles (D)
  A yaktaur (D)
  5 polar bears (D)
  A hornet (D)
  3 wyverns (D)
  4 neqoxecs (D)
  2 water moccasins (D)
  4 scorpions (D)
  3 worms (D)
  A spectral bat (D)
  A spectral quokka (D)
27 creatures vanquished.

Vanquished Creatures (others)
  Menkaure (D)
  A swamp drake (D)
2 creatures vanquished.

Grand Total: 29 creatures vanquished

Notes
Turn   | Place    | Note
-------+----------+-------------------------------------------
     0 | D        | Groucho the Spriggan Enchanter began the quest for the Orb.
     0 | D        | Reached XP level 1. HP: 9/9 MP: 5/5
     1 | D        | Noticed a scorpion
     1 | D        | Noticed a scorpion
     1 | D        | Noticed a scorpion
     1 | D        | Noticed a scorpion
    10 | D        | Killed a scorpion
    11 | D        | Reached skill level 8 in Stealth
    11 | D        | Reached skill level 5 in Hexes
    11 | D        | Reached XP level 2. HP: 13/13 MP: 5/8
    11 | D        | Reached XP level 3. HP: 16/16 MP: 6/10
    13 | D        | Killed a scorpion
    14 | D        | Reached skill level 10 in Stealth
    14 | D        | Reached skill level 5 in Spellcasting
    14 | D        | Reached XP level 4. HP: 21/21 MP: 6/12
    18 | D        | Noticed a neqoxec
    18 | D        | Noticed a neqoxec
    18 | D        | Noticed a neqoxec
    18 | D        | Noticed a neqoxec
    20 | D        | Killed a neqoxec
    21 | D        | Reached skill level 5 in Short Blades
    21 | D        | Reached skill level 12 in Stealth
    21 | D        | Reached XP level 5. HP: 24/24 MP: 6/15
    22 | D        | Killed a neqoxec
    23 | D        | Reached skill level 14 in Stealth
    23 | D        | Reached XP level 6. HP: 28/28 MP: 6/17
    23 | D        | Killed a neqoxec
    26 | D        | Killed a neqoxec
    27 | D        | Reached skill level 15 in Stealth
    27 | D        | Reached XP level 7. HP: 32/32 MP: 7/20
    35 | D        | Noticed a boulder beetle
    35 | D        | Noticed a boulder beetle
    38 | D        | Killed a boulder beetle
    39 | D        | Reached skill level 16 in Stealth
    39 | D        | Reached skill level 10 in Spellcasting
    39 | D        | Reached XP level 8. HP: 36/36 MP: 8/23
    49 | D        | Learned a level 2 spell: Ensorcelled Hibernation
    53 | D        | Learned a level 3 spell: Confusing Touch
    57 | D        | Learned a level 3 spell: Dazzling Flash
    61 | D        | Learned a level 3 spell: Tukima's Dance
    98 | D        | Killed Menkaure
   303 | D        | Killed a boulder beetle
   304 | D        | Reached skill level 10 in Short Blades
   305 | D        | Identified Roxanne's Secrets of Silt
   305 | D        | Noticed Roxanne
   322 | D        | Found Turaplaa's Antique Weapon Shop.
   322 | D        | Found Ariruf's Magic Scroll Boutique.
   322 | D        | Found Hunabb's Distillery.
   322 | D        | Found Lugeul's Antique Armour Boutique.
   322 | D        | Found Qerruek's Jewellery Boutique.
   323 | D        | Found Puihigou's Weapon Boutique.
   323 | D        | Found Beusax's Distillery.
   323 | D        | Found Pekhibaf's Antique Armour Boutique.
   324 | D        | Found Eraiqav's General Store.
   324 | D        | Found Oklufoc's Jewellery Boutique.
   324 | D        | Noticed a manticore
   324 | D        | Noticed a manticore
   330 | D        | Reached XP level 9. HP: 39/39 MP: 24/27
   332 | D        | Found Feeqasu's Armour Boutique.
   332 | D        | Found Nosequha's Book Shop.
   332 | D        | Noticed a manticore
   332 | D        | Noticed an oklob plant
   333 | D        | Found Likhugh's Magic Scroll Shop.
   333 | D        | Found Iluituh's Book Shoppe.
   333 | D        | Found Caethrian's Magic Scroll Boutique.
   337 | D        | Noticed an unseen horror
   340 | D        | Noticed an unseen horror
   380 | D        | Bought a ring of flight for 245 gold pieces
   387 | D        | Bought a book of Geomancy for 252 gold pieces
   389 | D        | Learned a level 1 spell: Sandblast
   392 | D        | Learned a level 2 spell: Passwall
   396 | D        | Learned a level 3 spell: Stone Arrow
   416 | D        | Bought a +2 cloak of willpower for 258 gold pieces
   426 | D        | Bought a glowing dagger for 110 gold pieces
   441 | D        | Bought a scroll of identify for 28 gold pieces
   470 | D        | Found a glowing silver altar of Zin.
   470 | D        | Found a radiant altar of Vehumet.
   471 | D        | Found a glowing golden altar of the Shining One.
   471 | D        | Found a basalt altar of Yredelemnul.
   471 | D        | Found a hide-covered altar of Uskayaw.
   471 | D        | Found a sparkling altar of Nemelex Xobeh.
   472 | D        | Found a shimmering altar of Xom.
   472 | D        | Found a bloodstained altar of Trog.
   472 | D        | Found a burning altar of Makhleb.
   472 | D        | Found an iron altar of Okawaru.
   472 | D        | Found an opulent altar of Gozag.
   475 | D        | Found a corrupted altar of Lugonu.
   475 | D        | Found a shimmering blue altar of Sif Muna.
   475 | D        | Found a blossoming altar of Fedhas.
   475 | D        | Found an ornate altar of the Wu Jian Council.
   476 | D        | Found an ancient bone altar of Kikubaaqudgha.
   476 | D        | Found a white marble altar of Elyvilon.
   476 | D        | Found a sacrificial altar of Ru.
   477 | D        | Found a shadowy altar of Dithmenos.
   477 | D        | Found a viscous altar of Jiyva.
   477 | D        | Found a stormy altar of Qazlal.
   481 | D        | Found a snail-covered altar of Cheibriados.
   481 | D        | Found a hazy altar of Hepliaklqana.
   486 | D        | Became a worshipper of Dithmenos the Shadowed
   561 | D        | Noticed a yaktaur
   561 | D        | Noticed a polar bear
   562 | D        | Noticed a polar bear
   562 | D        | Noticed a polar bear
   563 | D        | Killed a polar bear
   564 | D        | Reached skill level 1 in Conjurations
   564 | D        | Reached skill level 1 in Earth Magic
   564 | D        | Killed a polar bear
   566 | D        | Reached * piety under Dithmenos
   567 | D        | Killed a polar bear
   569 | D        | Killed a yaktaur
   570 | D        | Reached skill level 5 in Dodging
   586 | D        | Reached ** piety under Dithmenos
   604 | D        | Reached skill level 5 in Earth Magic
   605 | D        | Reached *** piety under Dithmenos
   613 | D        | Noticed a deep elf master archer
   616 | D        | Noticed a polar bear
   616 | D        | Noticed a polar bear
   618 | D        | Killed a polar bear
   626 | D        | Killed a polar bear
   627 | D        | Reached XP level 10. HP: 21/44 MP: 21/29
  1337 | D        | Noticed a death drake
  1338 | D        | Noticed a death drake
  1338 | D        | Noticed a crystal guardian
  1341 | D        | HP: 2/44 [poisoned by a swamp drake (noxious blast)]
  1341 | D        | Killed from afar by a death drake

Illustrated notes

Levels and vault maps discovered:
D:        the_violet_keep_of_menkaure [sprint2_stairs_cluster_1,
          sprint2_shoproom, sprint2_temple, sprint2_basic_supplies,
          sprint2_obstacle_6, sprint2_obstacle_7, sprint2_obstacle_4,
          sprint2_obstacle_2, sprint2_obstacle_1, sprint2_timed_cluster_1,
          sprint2_smallroom_cluster_1, sprint2_smallroom_final_cluster_1,
          sprint2_transparent_cluster_1, sprint2_second_timed_cluster_1,
          sprint2_sniper_area_1, sprint2_heavy_combat_area_1,
          sprint2_mutation_trap_area_1, sprint2_forest_area_1,
          sprint2_light_combat_area_1, sprint2_behind_water_1,
          sprint2_near_end_vault_1]

Skill      XL: |  1  2  3  4  5  6  7  8  9 |
---------------+----------------------------+-----
Short Blades   | 3 4 5 6 7 9 10 | 10.0
Stealth        | 8 10 12 14 15 16 | 16.0
Spellcasting   | 4 5 7 8 10 13 14 | 14.3
Hexes          | 5 6 7 8 9 11 13 14 | 14.0
Dodging        | 6 |  6.6
Conjurations   | 4 |  4.9
Earth Magic    | 6 |  6.0

Action                   |  1- 3 |  4- 6 |  7- 9 | 10-12 || total
-------------------------+-------+-------+-------+-------++-------
Melee: Dagger            |     4 |     4 |    34 |       ||    42
 Cast: Ensorcelled Hiber |       |       |     6 |       ||     6
       Passwall          |       |       |     2 |       ||     2
       Confusing Touch   |       |       |     1 |       ||     1
  Use: Potion            |     2 |       |     1 |       ||     3
 Stab: Sleeping          |     2 |     4 |    18 |       ||    24
       Invisible         |     1 |       |     2 |       ||     3
       Confused          |       |       |     2 |       ||     2
Armor: Robe              |     1 |       |     1 |       ||     2
Dodge: Dodged            |     2 |     1 |    20 |     5 ||    28
